 Dungeon Sprint DCSS version 0.17-a0-1636-g3119f2b (webtiles) character file.

2675 Kidiri the Unseen (level 9, -5/39 HPs)
             Began as a Spriggan Enchanter on Aug 5, 2015.
             Slain by a kraken (43 damage)
             ... in the Dungeon (Sprint II: "The Violet Keep of Menkaure").
             The game lasted 00:08:33 (1263 turns).

Kidiri the Unseen (Spriggan Enchanter)              Turns: 1263, Time: 00:08:33

Health: -5/39      AC:  3    Str:  4    XL:     9   Next: 37%
Magic:  12/26      EV: 31    Int: 18    God:
Gold:   382        SH:  0    Dex: 18    Spells: 5 memorised, 20 levels left

rFire  . . .     SeeInvis +     a - +1 dagger
rCold  . . .     Clarity  .     b - +1 robe
rNeg   + . .     SustAt   .     (shield restricted)
rPois  .         Gourm    .     (helmet restricted)
rElec  .         Spirit   .     (no cloak)
rCorr  .         Warding  .     (gloves unavailable)
rMut   .         NoTele   +     (boots unavailable)
MR     +....                    (no amulet)
Stlth  +++++.....               (no ring)
                                k - ring of Shadows {Umbra +Inv rN+ SInv}

@: wreathed by umbra, very quick, somewhat resistant to hostile enchantments,
quite stealthy
A: unfitting armour, see invisible, herbivore 3, speed 3, slow metabolism 2
a: Evoke Invisibility


You were in the Dungeon.
You were not hungry.

You visited 1 branch You collected 972 gold pieces.
You spent 590 gold pieces at shops.

Inventory:

Hand weapons
 a - a +1 dagger (weapon)
Armour
 b - a +1 robe (worn)
Jewellery
 k - the ring of Shadows (left hand) {Umbra +Inv rN+ SInv}
   (You bought it in a shop in the Dungeon)

   [ring of invisibility]

   It protects you from negative energy.
   It lets you see invisible.
   It lets you turn invisible.
Scrolls
 j - a scroll of blinking
Potions
 e - a potion of curing
 g - a potion of haste
 i - a potion of mutation {unknown}
Books
 c - a book of Maledictions

   Spells                             Type                      Level
   a - Corona                         Hexes                        1
   b - Ensorcelled Hibernation        Hexes/Ice                    2
   c - Confuse                        Hexes                        3
   d - Tukima's Dance                 Hexes                        3
   e - Dazzling Spray                 Conjuration/Hexes            3
Comestibles
 d - a bread ration


   Skills:
 + Level 7.9 Short Blades
 * Level 14.3 Dodging
 * Level 15.4 Stealth
 * Level 12.1 Spellcasting
 + Level 4.1 Conjurations
 + Level 9.3 Hexes
 + Level 4.6 Ice Magic


You had 20 spell levels left.
You knew the following spells:

 Your Spells              Type           Power        Failure   Level  Hunger
a - Corona                Hex            #####..      1%          1    None
b - Ensorcelled Hibernat  Hex/Ice        #####.       1%          2    None
c - Confuse               Hex            #####...     1%          3    None
d - Tukima's Dance        Hex            #####...     1%          3    None
e - Dazzling Spray        Conj/Hex       #####...     1%          3    None


Dungeon Overview and Level Annotations

Branches:
Dungeon (1/1)

Altars:
Dithmenos
Fedhas
Okawaru
Ru
Zin
The Shining One

Shops:
D =%::}?:![[!}(:%=

Annotations:
D exclusion: oklob plant


Innate Abilities, Weirdness & Mutations

You are tiny and cannot use many weapons and most armour.
You have supernaturally acute eyesight.
You are a herbivore.
You cover ground extremely quickly.
You need consume almost no food.


Message History

Casting: Dazzling Spray
Confirm with . or Enter, or press ? or * to list all spells.
Aiming: Dazzling Spray
Press: ? - help, Shift-Dir - straight line, f/p - flying skull
Aim: a flying skull (heavily damaged, umbra)
The spray of energy misses the flying skull.
The spray of energy hits the flying skull.
The flying skull is heavily damaged.
The flying skull completely misses you. x2
The kraken misses you. The flying skull misses you.
The flying skull completely misses you.
Your unstable footing causes you to fumble your attack.
The flying skull closely misses you. The flying skull completely misses you.
You strike the helpless kraken from behind!
You impale the kraken!!
The kraken is severely wounded.
The flying skull completely misses you. The flying skull misses you.
The kraken bites you!!!
Ouch! That really hurt!
You die...

###########≈≈≈.........#
##........#≈≈≈≈≈##'##..#
##...⌠....#≈≈≈≈##...##.####
##..∩.∩...#≈≈≈≈#..##.# ...#
##.∩.∩.∩..#≈≈######.####..##
##∩.∩.∩.∩.#≈##.###'###.##..#
##.∩...∩.∩#≈#.#.##.##...#..#
##∩.....∩.'X'###'.<.'##.+..#
##.......∩#@#.#.##.##...#...
#▓▓▓▓▓▓▓###z##.###'###.##...
##!?D######zz####..#####§≈..
#$$s#GG ##≈zz#..##.#≈≈§≈§≈
#∩P$+$G# #+#z##.#.##≈≈§≈≈≈
#!.?#(##≈ #.#≈≈##+##≈≈≈≈≈§≈
#?$s###S§ ####)≈≈≈≈≈≈≈≈≈≈≈≈
#+++#+§+#≈≈≈≈≈


zzz§z ##≈≈≈# You could see a kraken (confused), an ice dragon and 5 flying
skulls.

Vanquished Creatures
  Kirke (D)
  A centaur warrior (D)
  A skeletal warrior (D)
  A kobold demonologist (D)
  3 hippogriffs (D)
  4 necrophages (D)
  A crocodile (D)
  4 brain worms (D)
  A hell rat (D)
  3 worms (D)
20 creatures vanquished.

Vanquished Creatures (others)
  5 tentacles (D)
  27 tentacle segments (D)
32 creatures vanquished.

Grand Total: 52 creatures vanquished

Notes
Turn   | Place    | Note
--------------------------------------------------------------
     0 | D        | Kidiri the Spriggan Enchanter began the quest for the Orb.
     0 | D        | Reached XP level 1. HP: 9/9 MP: 5/5
     1 | D        | Noticed a brain worm
     9 | D        | Noticed a necrophage
     9 | D        | Noticed a necrophage
     9 | D        | Noticed a necrophage
     9 | D        | Noticed a necrophage
    19 | D        | Killed a necrophage
    19 | D        | Reached skill level 6 in Dodging
    19 | D        | Reached skill level 7 in Stealth
    19 | D        | Reached skill level 5 in Spellcasting
    19 | D        | Reached XP level 2. HP: 13/13 MP: 5/9
    19 | D        | Reached XP level 3. HP: 16/16 MP: 6/11
    19 | D        | Reached XP level 4. HP: 21/21 MP: 6/12
    24 | D        | Killed a necrophage
    24 | D        | Reached skill level 8 in Dodging
    24 | D        | Reached skill level 9 in Stealth
    24 | D        | Reached skill level 5 in Hexes
    24 | D        | Reached XP level 5. HP: 22/24 MP: 6/15
    28 | D        | Killed a necrophage
    28 | D        | Reached skill level 10 in Stealth
    33 | D        | Killed a necrophage
    33 | D        | Reached XP level 6. HP: 22/28 MP: 7/18
    41 | D        | Learned a level 2 spell: Ensorcelled Hibernation
    45 | D        | Learned a level 3 spell: Confuse
    49 | D        | Learned a level 3 spell: Tukima's Dance
    53 | D        | Learned a level 3 spell: Dazzling Spray
   162 | D        | Noticed a hippogriff
   162 | D        | Noticed a hippogriff
   181 | D        | Killed a hippogriff
   181 | D        | Reached skill level 5 in Short Blades
   181 | D        | Reached skill level 10 in Dodging
   181 | D        | Reached skill level 11 in Stealth
   181 | D        | Reached skill level 1 in Conjurations
   181 | D        | Reached skill level 1 in Ice Magic
   185 | D        | Killed a hippogriff
   185 | D        | Reached skill level 12 in Stealth
   185 | D        | Reached XP level 7. HP: 28/32 MP: 8/20
   275 | D        | Noticed a flying skull
   276 | D        | Noticed a flying skull
   276 | D        | Noticed a flying skull
   276 | D        | Noticed a flying skull
   278 | D        | Noticed a crocodile
   281 | D        | Killed a crocodile
   321 | D        | Killed a brain worm
   322 | D        | Noticed a brain worm
   323 | D        | Killed a brain worm
   324 | D        | Noticed a brain worm
   324 | D        | Noticed a brain worm
   329 | D        | Killed a brain worm
   329 | D        | Reached skill level 10 in Spellcasting
   335 | D        | Killed a brain worm
   335 | D        | Reached skill level 13 in Stealth
   391 | D        | Noticed an electric eel
   391 | D        | Noticed an electric eel
   391 | D        | Noticed an electric eel
   392 | D        | Noticed an electric eel
   392 | D        | Noticed an electric eel
   392 | D        | Noticed an electric eel
   392 | D        | Noticed an electric eel
   393 | D        | Noticed an electric eel
   393 | D        | Noticed an electric eel
   393 | D        | Noticed a kraken
   408 | D        | Noticed a kraken
   413 | D        | Found a shadowy altar of Dithmenos.
   413 | D        | Found a glowing golden altar of the Shining One.
   413 | D        | Found a sacrificial altar of Ru.
   414 | D        | Found a glowing silver altar of Zin.
   414 | D        | Found an iron altar of Okawaru.
   415 | D        | Found a blossoming altar of Fedhas.
   616 | D        | Noticed a flying skull
   616 | D        | Noticed a flying skull
   616 | D        | Noticed a flying skull
   616 | D        | Noticed a flying skull
   618 | D        | Found Enuxoic's Jewellery Shop.
   619 | D        | Found Fogil's Book Boutique.
   619 | D        | Found Jeis's Food Boutique.
   620 | D        | Noticed a flying skull
   620 | D        | Found Fain's Gadget Shop.
   620 | D        | Found Umiymun's Antique Weapon Shop.
   621 | D        | Noticed a flying skull
   621 | D        | Found Ret Qo Leudd's Antique Armour Boutique.
   621 | D        | Found Sixesch's Distillery.
   622 | D        | Noticed a hell rat
   624 | D        | Killed a hell rat
   628 | D        | Found Enuera's Distillery.
   630 | D        | Found Xuahaf's Antique Armour Shop.
   631 | D        | Found Barahehe's Book Shop.
   631 | D        | Found Kiuqalodgh's Magic Scroll Boutique.
   634 | D        | Found Pyecrag's Gadget Shop.
   634 | D        | Found Notudane's Book Boutique.
   634 | D        | Noticed an ice dragon
   634 | D        | Noticed an oklob plant
   635 | D        | Found Cyhasot's Food Shop.
   635 | D        | Found Cihop's Jewellery Boutique.
   635 | D        | Found Udawoh's Book Shoppe.
   638 | D        | Bought the ring of Shadows {Umbra +Inv rN+ SInv} for 590 gold pieces
   640 | D        | Noticed a redback
   654 | D        | Noticed a shining eye
   659 | D        | Noticed a shining eye
   665 | D        | Noticed a redback
   665 | D        | Noticed a lava snake
   666 | D        | Noticed a shining eye
   696 | D        | Noticed Kirke
   696 | D        | Noticed a kobold demonologist
   696 | D        | Noticed a skeletal warrior
   700 | D        | Noticed an elephant
   706 | D        | Noticed a soul eater
   708 | D        | Noticed a centaur warrior
   711 | D        | Killed a soul eater
   713 | D        | Killed Kirke
   713 | D        | Reached skill level 14 in Stealth
   713 | D        | Reached XP level 8. HP: 11/36 MP: 7/24
   716 | D        | Noticed a sun demon
   718 | D        | Noticed a yaktaur captain
   719 | D        | Noticed a blue devil
   734 | D        | Noticed a flying skull
   739 | D        | Killed a skeletal warrior
   739 | D        | Reached XP level 9. HP: 19/39 MP: 15/25
   740 | D        | Noticed a flying skull
   748 | D        | Noticed a hellwing
   758 | D        | Killed a kobold demonologist
   762 | D        | HP: 1/39 [suicidal targeting (9)]
   894 | D        | Killed a centaur warrior
   894 | D        | Reached skill level 15 in Stealth
  1230 | D        | Noticed a hippogriff
  1235 | D        | Killed a hippogriff
  1263 | D        | Slain by a kraken

Vault maps used:
D:        the_violet_keep_of_menkaure

Action                   |  1- 3 |  4- 6 |  7- 9 || total
-------------------------+-------+-------+-------++-------
Melee: Dagger            |     8 |    28 |    41 ||    77
 Cast: Ensorcelled Hiber |       |     2 |    13 ||    15
       Confuse           |       |     2 |    14 ||    16
       Dazzling Spray    |       |       |    24 ||    24
  Use: Potion            |     1 |       |     3 ||     4
 Stab: Confused          |       |     4 |     2 ||     6
       Sleeping          |       |       |    11 ||    11
       Invisible         |       |       |     1 ||     1
